 Dungeon Crawl Stone Soup version 0.29-a0-409-gd843f3a48c (webtiles) character file.

Game seed: 5446487828165497775

2 Parzival711 the Conjurer (level 1, -4/7 HPs)
             Began as a Felid Conjurer on Jan 28, 2022.
             Slain by a kobold
             ... wielding a +0 whip
              (6 damage)
             ... on level 1 of the Dungeon on May 13, 2022.
             The game lasted 00:01:05 (165 turns).

Parzival711 the Conjurer (Felid Conjurer)            Turns: 165, Time: 00:01:06

Health: -4/7       AC:  1    Str:  3    XL:     1   Next: 25%
Magic:  4/4        EV: 17    Int: 19    God:
Gold:   0          SH:  0    Dex: 14    Spells: 3/4 levels left
                                        Lives:  0   Deaths: 0

rFire   . . .      SeeInvis +   (weapon unavailable)
rCold   . . .      Faith    .   (shield unavailable)
rNeg    . . .      Spirit   .   (body armour unavailable)
rPois   .          Reflect  .   (helmet unavailable)
rElec   .          Harm     .   (cloak unavailable)
rCorr   .          Rampage  .   (gloves unavailable)
Will    .....                   (boots unavailable)
Stlth   ++........              (no amulet)
HPRegen 0.02/turn               (no ring)
MPRegen 0.09/turn               (no ring)

@: quick
A: very small, claws 1, fangs 3, see invisible, speed 1, shaggy fur 1, stealthy
paws, no weapons or thrown items, no armour, multi-lived
a: no special abilities


You were on level 1 of the Dungeon.
You visited 1 branch of the dungeon, and saw 1 of its levels.

Inventory:

Scrolls
 a - a scroll of teleportation {unknown}
 b - a scroll of identify {unknown}


   Skills:
 + Level 2.6 Dodging
 + Level 2.6 Stealth
 + Level 2.0 Spellcasting
 + Level 3.7 Conjurations


You had 3 spell levels left.
You knew the following spells:

 Your Spells              Type           Power      Damage    Failure   Level
a - Magic Dart            Conj           64%        1d6       3%          1

Your spell library contained the following spells:

 Spells                   Type           Power      Damage    Failure   Level
 Searing Ray              Conj           32%        2d5       5%          2
 Dazzling Flash           Conj/Hex       16%        N/A       24%         3
 Fulminant Prism          Conj/Hex       4%         3d6       61%         4
 Iskenderun's Mystic Bla  Conj/Tloc      8%         2d4       61%         4


Dungeon Overview and Level Annotations

Branches:
Dungeon (1/15)

Altars:


Innate Abilities, Weirdness & Mutations

You have sharp claws.
You have razor-sharp teeth.
You have supernaturally acute eyesight. (SInv)
You cover ground quickly. (Speed+)
You are covered in fur. (AC +1)
Your paws help you pounce on unaware monsters.
You are incapable of wielding weapons or throwing items.
You cannot wear armour.
You gain extra lives every three experience levels.


Message History

Confirm with . or Enter, or press ? or * to list all spells.
You don't know that spell.
Unknown command.
Casting: Magic Dart (safe; 3% risk of failure)
Confirm with . or Enter, or press ? or * to list all spells.
You don't know that spell.
Unknown command.
You open the door.
A kobold comes into view. It is wielding a +0 whip.
Found a faded altar of an unknown god.
There is an open door here.
A kobold is nearby!
A kobold is nearby!
The kobold shouts!
The kobold throws a stone.
The stone hits you but does no damage. The kobold hits you but does no damage.
You closely miss the kobold. The kobold misses you.
The kobold closely misses you.
The kobold throws a stone.
The stone misses you.
There is an open door here.
The kobold barely misses you. The kobold closely misses you.
The kobold barely misses you. The kobold misses you.
The kobold barely misses you. The kobold hits you with a +0 whip.
The kobold misses you. The kobold barely misses you.
The kobold barely misses you. The kobold closely misses you.
The kobold barely misses you. The kobold closely misses you.
The kobold hits you with a +0 whip.
Ouch! That really hurt!
* * * LOW HITPOINT WARNING * * *
The kobold misses you. The kobold barely misses you.
The kobold hits you with a +0 whip.
Ouch! That really hurt!
You die...

###########
#..........
#.#########
##...#######
######
#...........
#....#
#.##.#######
#....#####.##.####
+...@'...........#
#...K####...####.#
#....# #...# ##.#
#....# #...###.†#
#....# #........#
#....# ##...##.##
#....# #...##.#
#._..# #...##.#
#....#
#...##.#####


You could see a kobold.

Vanquished Creatures
  A frilled lizard (D:1)
  2 rats (D:1)
3 creatures vanquished.

Notes
Turn   | Place    | Note
-------+----------+-------------------------------------------
     0 | D:1      | Parzival711 the Felid Conjurer began the quest for the Orb.
     0 | D:1      | Reached XP level 1. HP: 7/7 MP: 4/4
    15 | D:1      | Upgraded the game from 0.29-a0-11-ga75d3d97ab to
                  | 0.29-a0-409-gd843f3a48c
   142 | D:1      | Found a faded altar of an unknown god.
   165 | D:1      | Slain by a kobold

Illustrated notes

Levels and vault maps discovered:
D:1:      wander_arrival_fairy_ring, layout_basic, serial_shops,
          nicolae_shop_hallway_plus, basic_ecumenical_altar, roderic_lattice_a,
          kennysheep_boxes

Action                   || total
-------------------------++-------
Melee: Unarmed           ||     2
 Cast: Magic Dart        ||     4
 Stab: Sleeping          ||     1
Armor: Skin              ||     2
Dodge: Dodged            ||    16

Table legend: (Time is in decaauts)
 A = Elapsed time spent in this place.
 B = Non-inter-level travel time spent in this place.
 C = Inter-level travel time spent in this place.
 D = Time resting spent in this place.
 E = Time spent auto-exploring this place.
 F = Levels seen in this place.
 G = Mean time per level.
                   A        B        C        D        E       F      G
               +--------+--------+--------+--------+--------+-----+--------+
         Total |    145 |    145 |      0 |      0 |     97 |   1 |  145.0 |
       Dungeon |    145 |    145 |      0 |      0 |     97 |   1 |  145.0 |
               +--------+--------+--------+--------+--------+-----+--------+

Top non-repeatable levels by time:
     D:1: 145 daAuts
